 Dungeon Crawl Stone Soup version 0.31-a0-214-gb37851dbb3 (webtiles) character file.

Game seed: 8378550664140412274

66 qw the Chopper (level 4, -11/28 HPs)
             Began as a Gargoyle Fighter on July 1, 2023.
             Killed by divine providence
             ... invoked by an orc priest
              (12 damage)
             ... on level 3 of the Dungeon.
             The game lasted 00:00:57 (2002 turns).

qw the Chopper (Gargoyle Fighter)                   Turns: 2002, Time: 00:00:58

Health: -11/28     AC: 10    Str: 22    XL:     4   Next: 15%
Magic:  4/4        EV:  9    Int:  8    God:
Gold:   67         SH:  4    Dex:  9    Spells: 3/3 levels left

rFire   . . .        Y - +0 war axe
rCold   . . .        c - +0 buckler
rNeg    + . .        b - +0 scale mail
rPois   inf          (no helmet)
rElec   +            h - scarf {repulsion}
rCorr   .            (no gloves)
SInv    .            (no boots)
Will    +....        (no amulet) Stlth
                     e - ring of willpower
HPRegen 0.24/turn    (no ring)
MPRegen 0.09/turn

%: repel missiles
@: no status effects
A: sickness immunity, AC +3, negative energy resistance 1, electricity
resistance, torment resistance 1, petrification resistance
a: no special abilities


You were on level 3 of the Dungeon.
You visited 1 branch of the dungeon, and saw 3 of its levels.

You collected 67 gold pieces.


Innate Abilities, Weirdness & Mutations

You are immune to sickness and miasma.
Your stone body is resilient. (AC +3)
You are immune to poison.
You resist negative energy. (rN+)
You are resistant to electric shocks. (rElec)
You are resistant to unholy torment.
You are immune to petrification.


   Skills:
 - Level 3.2 Fighting
 + Level 3.9 Axes
 - Level 3.2 Armour
 - Level 3.2 Shields


You had 3 spell levels left.
You didn't know any spells.
Your spell library was empty.

Inventory:

Hand Weapons
 i - a +3 mace
 Y - a +0 war axe (weapon)
Armour
 b - a +0 scale mail (worn)
 c - a +0 buckler (worn)
 h - a scarf of repulsion (worn)
 k - a +0 cloak
Jewellery
 e - a ring of willpower (left hand)
Potions
 d - a potion of might
 f - a potion of degeneration {unknown}
 g - a potion of haste
 l - a potion of berserk rage {unknown}
 m - a potion of resistance {unknown}
 n - a potion of curing {unknown}

Dungeon Overview and Level Annotations

Branches:
Dungeon (3/15)

Altars:

Shops:
D:1 :


Message History

There is a stone staircase leading down here.
You climb downwards.
Found an escape hatch in the ceiling.
Found a stone staircase leading down.
There is a stone staircase leading up here.
Waypoint 2 assigned to D:3.
An orc comes into view. It is wielding a +0 short sword.
The orc shouts!
An orc comes into view. It is wielding a +0 hand axe.
1981 ||| Stepping ~*~*~tactically~*~*~ (stealth).
1984 ||| Stepping ~*~*~tactically~*~*~ (stealth).
1986 ||| Stepping ~*~*~tactically~*~*~ (stealth).
You closely miss the orc. The orc barely misses you.
You slash the orc!
You kill the orc!
A giant cockroach comes into view.
An orc priest comes into view. It is wielding a +0 club.
1991 ||| Stepping ~*~*~tactically~*~*~ (stealth).
You hit the orc but do no damage. The orc hits you with a +0 hand axe.
The orc priest invokes the aid of Beogh against you.
Beogh smites you!
You barely miss the orc. You block the orc's attack.
The orc priest invokes the aid of Beogh against you.
Beogh smites you! The orc hits you with a +0 hand axe.
You barely miss the orc. The orc barely misses you.
You slash the orc!
You kill the orc!
The giant cockroach bites you but does no damage.
You closely miss the giant cockroach.
The giant cockroach bites you but does no damage.
You hit the giant cockroach.
You kill the giant cockroach!
The orc priest mumbles some strange prayers to Beogh against you.
Pain shoots through your body!
The orc priest mumbles some strange prayers to Beogh against you.
Beogh smites you!
You die...

.........<.##
.........>.#
..........)#######.#
.####.............
#.#.##.......#
#.#.##.#.###.#
#.#........
..####.#........#
........@.o......#
..#####.#........#
#.#........#
#.#.......
..........
#.#.......
#.#....... #.
.....##


You could see an orc priest.

Vanquished Creatures
  A dart slug (D:1)
  2 orcs (D:3)
  4 ball pythons
  5 bats
  2 endoplasms
  3 giant cockroaches
  5 goblins
  3 hobgoblins (D:1)
  12 jackals (D:1)
  5 quokkas
  4 frilled lizards
  A kobold (D:1)
  4 rats
51 creatures vanquished.

Notes
Turn   | Place    | Note
-------+----------+-------------------------------------------
     0 | D:1      | qw the Gargoyle Fighter began the quest for the Orb.
     0 | D:1      | Reached XP level 1. HP: 14/14 MP: 1/1
     0 | D:1      | 0 ||| qw: Version: 0.3-a-32-g5962c71
     0 | D:1      | 0 ||| qw: Game counter: 7684
     0 | D:1      | 0 ||| qw: Melee chars always use a shield: true
     0 | D:1      | 0 ||| qw: God list: Okawaru
     0 | D:1      | 0 ||| qw: Allow faded altars: false
     0 | D:1      | 0 ||| qw: Do Orc after clearing Dungeon:15 true
     0 | D:1      | 0 ||| qw: Do second Lair branch before Depths: true
     0 | D:1      | 0 ||| qw: Lair rune preference: random
     0 | D:1      | 0 ||| qw: Goals: Normal, Zot:1-4, Slime:5, God:TSO, Crypt,
                  | Tomb, Abyss, Pan, Hells, Win
     0 | D:1      | 0 ||| PLANNING D:1-11
    32 | D:1      | Found Keih's Book Shoppe.
   184 | D:1      | Reached XP level 2. HP: 19/19 MP: 2/2
   395 | D:1      | 395 ||| DROPPING +0 club.
   428 | D:1      | 428 ||| Stepping ~*~*~tactically~*~*~ (stealth).
   471 | D:1      | Reached skill level 3 in Axes
   535 | D:1      | Reached XP level 3. HP: 23/23 MP: 3/3
   621 | D:1      | Found a faded altar of an unknown god.
   999 | D:1      | 999 ||| UPGRADING to scarf of repulsion.
  1004 | D:1      | 1004 ||| UPGRADING to ring of willpower.
  1005 | D:1      | 1005 ||| READING scroll labelled LYQ BUGRAEGH.
  1006 | D:1      | 1006 ||| READING scroll labelled QEYBOH EFFACW.
  1007 | D:1      | 1007 ||| READING 3 scrolls labelled OSEBOY KUEGIH.
  1008 | D:1      | 1008 ||| READING scroll labelled PULYQU IHALL.
  1109 | D:1      | 1109 ||| READING scroll labelled JUOH SYACAHI.
  1110 | D:1      | 1110 ||| DRINKING 2 murky silvery potions.
  1111 | D:1      | 1111 ||| DROPPING 2 scrolls of revelation.
  1482 | D:2      | Found the +5 woodcutter's axe
  1604 | D:2      | Reached XP level 4. HP: 28/28 MP: 4/4
  1925 | D:2      | 1925 ||| READING scroll labelled XIRIAFFEROG.
  1926 | D:2      | 1926 ||| READING scroll labelled OTAIVU BUAG.
  1981 | D:3      | 1981 ||| Stepping ~*~*~tactically~*~*~ (stealth).
  1984 | D:3      | 1984 ||| Stepping ~*~*~tactically~*~*~ (stealth).
  1986 | D:3      | 1986 ||| Stepping ~*~*~tactically~*~*~ (stealth).
  1991 | D:3      | 1991 ||| Stepping ~*~*~tactically~*~*~ (stealth).
  1997 | D:3      | HP: 6/28 [orc/+0 hand axe (2)]
  2001 | D:3      | HP: 1/28 [orc priest/nerve-wracking pain (6)]
  2002 | D:3      | Killed from afar by an orc priest

Levels and vault maps discovered:
D:1:      nzn_arrival_settlement, layout_loops_corners,
          shapermc_ecumenical_altar_venn, serial_shops,
          nicolae_shop_advertising_works [nicolae_subvault_shop_adworks],
          amethyst_killhole
D:2:      layout_basic
D:3:      layout_basic, lemuel_doored_altar, old_standard_altar

Skill      XL: |  1  2 |
---------------+-------+-----
Axes           | 2 3 |  3.9
Fighting       | |  3.2
Armour         | |  3.2
Shields        | |  3.2

Action                     |  1- 3 |  4- 6 || total
---------------------------+-------+-------++-------
  Melee: War axe           |   117 |    12 ||   129
    Use: Scroll            |     5 |     2 ||     7
         Potion            |     1 |       ||     1
 Armour: Scale mail        |    67 |     2 ||    69
  Dodge: Dodged            |    61 |     2 ||    63
  Block: Buckler           |    23 |     2 ||    25

Table legend:
 A = Non-vault XP
 B = Vault XP
 C = Vault XP percentage of total XP
 D = Non-vault monster count
 E = Vault monster count
 F = Vault count percentage of total count
                 A         B        C        D         E       F
            +---------+---------+-------+---------+---------+-------
      Total |      95 |       0 |   0.0 |      51 |       0 |   0.0
            +---------+---------+-------+---------+---------+-------
        D:1 |      63 |       0 |   0.0 |      34 |       0 |   0.0
        D:2 |      24 |       0 |   0.0 |      14 |       0 |   0.0
        D:3 |       8 |       0 |   0.0 |       3 |       0 |   0.0
            +---------+---------+-------+---------+---------+-------
